AoeStats
← 珍珠嘉都

Arena

508359312Analyzed
1v1 RM · 10d ago on Sep 22, 2026· 51m 4s· 2 players
Game mode
Random Map
Map size
Tiny (2 player)
Population
200
Speed
Normal
Resources
Standard
Victory
Conquest
Starting age
Dark Age
Ending age
Imperial Age
RankedLock teamsTeams togetherTeam positionsShared explorationLock speedFull tech treeHidden civsTurbo modeCheats
Victory
Defeat
🇹🇼 Mongols · Taiwan
526
+19
🇦🇷 Gurjaras · Argentina
584
-19
珍珠嘉都
0:27 Loom
9:50 Feudal Age
16:24 Castle Age
15:07 Stone Mining
15:04 Double-Bit Axe
15:29 Horse Collar
16:39 Fletching
22:56 Gold Mining
24:14 Heavy Plow
24:27 Bow Saw
26:29 Gold Shaft Mining
27:18 Stone Shaft Mining
29:14 Bodkin Arrow
33:19 Imperial Age
31:15 Nomads
32:21 Wheelbarrow
31:32 Town Watch
31:55 Padded Archer Armor
32:08 Forging
32:03 Scale Barding Armor
33:40 Bloodlines
33:52 Hand Cart
33:38 Town Patrol
34:13 Husbandry
35:25 Chemistry
34:35 Bracer
34:53 Leather Archer Armor
35:14 Iron Casting
34:59 Chain Barding Armor
36:13 Drill
36:16 Conscription
37:25 Ballistics
36:41 Elite Steppe Lancer
37:23 Scale Mail Armor
36:59 Heavy Scorpion
37:18 Elite Mangudai
40:05 Thumb Ring
41:41 Blast Furnace
gaunamaximiliano
8:11 Loom
11:11 Feudal Age
12:47 Double-Bit Axe
12:53 Horse Collar
15:54 Wheelbarrow
19:33 Castle Age
23:42 Stone Mining
24:57 Town Watch
25:25 Gold Mining
25:12 Man-at-Arms
26:25 Husbandry
27:55 Bow Saw
28:04 Heavy Plow
29:33 Scale Barding Armor
29:42 Forging
30:18 Hand Cart
31:08 Bloodlines
35:27 Imperial Age
34:23 Iron Casting
34:11 Chain Barding Armor
36:16 Gold Shaft Mining
36:18 Stone Shaft Mining
36:06 Elite Shrivamsha Rider
37:34 Elite Chakram Thrower
41:37 Scale Mail Armor
42:16 Plate Barding Armor
43:42 Hoardings
49:09 Hoardings
50:01 Chain Mail Armor
Connection lost

Rejoining the realm…

Still unreachable

The connection could not be restored.

Session expired

The server has moved on; the page needs a fresh start.